Map: Washout LE

Players

NIKI

  • Race: Zerg Zerg
  • League: Diamond

Altik - Winner!

  • Race: Protoss Protoss
  • League: Diamond

VOD

Have the link to the VOD?

Description

Time

  • Played on: Aug. 25, 2026, 9:50 a.m.
  • Length: 11:23
Show
View Real Time Build Order
Export as new Build Order

NIKI Zerg 

Build Orders: Pool First 

Get SALT Encoding   

  8  0:01  Drone  
  9  0:11  Drone  
  10  0:17  Drone  
  11  0:23  Drone  
  12  0:37  Overlord  
  12  0:55  Drone x3  
  15  1:14  Spawning Pool, Extractor  
  15  1:16  Drone  
  14  1:23  Drone  
  15  1:27  Drone  
  16  1:38  Overlord  
  16  2:01  Drone  
  16  2:02  Hatchery  
  16  2:05  Drone  
  17  2:10  Drone  
  18  2:19  Drone  
  19  2:26  Queen  
  21  2:30  Zergling x2  
  22  2:39  Metabolic Boost  
  22  2:43  Drone  
  23  2:50  Zergling x2  
  24  3:03  Baneling Nest  
  23  3:06  Drone x2  
  25  3:15  Drone x2  
  25  3:18  Queen  
  29  3:24  Drone  
  29  3:25  Drone  
  31  3:34  Overlord, Drone  
  32  3:43  Overlord  
  32  3:53  Drone  
  32  3:54  Drone x4  
  37  4:07  Drone x2  
  39  4:10  Lair  
  39  4:12  Drone x2  
  39  4:13  Drone  
  42  4:18  Drone  
  42  4:19  Drone  
  44  4:27  Drone  
  44  4:31  Zergling x6  
  47  4:32  Overlord  
  48  4:41  Overlord  
  48  4:44  Overlord  
  48  4:48  Baneling  
  48  4:49  Baneling  
  48  4:50  Baneling x2  
  48  4:51  Baneling x3  
  48  4:52  Baneling  
  48  4:54  Zergling x8  
  48  4:58  Extractor x2  
  50  5:01  Extractor, Zergling x4  
  51  5:15  Drone x4  
  55  5:21  Drone x2  
  55  5:23  Queen  
  59  5:32  Drone x5  
  64  5:44  Hatchery  
  64  5:45  Evolution Chamber  
  62  5:55  Overlord  
  62  5:58  Centrifugal Hooks  
  62  6:12  Zerg Missile Weapons Level 1  
  62  6:17  Hydralisk Den  
  61  6:18  Zergling x2  
  61  6:19  Zergling x4, Overlord  
  61  6:20  Queen x2  
  61  6:23  Overlord  
  68  6:27  Drone x4  
  68  6:28  Overlord  
  72  6:48  Overlord  
  72  6:57  Hydralisk x2  
  72  6:58  Hydralisk x5  
  72  7:00  Grooved Spines  
  86  7:07  Overlord  
  86  7:08  Overlord  
  86  7:17  Drone x4  
  86  7:19  Overlord x2  
  90  7:30  Drone x4  
  94  7:37  Hydralisk x3  
  100  7:45  Overlord  
  100  7:53  Overseer  
  100  7:54  Nydus Network  
  99  8:05  Muscular Augments  
  99  8:15  Extractor  
  99  8:16  Extractor  
  97  8:20  Hydralisk x4  
  97  8:21  Hydralisk x6  
  117  8:29  Zerg Missile Weapons Level 2  
  117  8:35  Hydralisk x3  
  117  8:37  Overlord x2  
  123  8:48  Overlord  
  123  8:49  Overlord x3  
  123  8:56  Hydralisk x2  
  123  8:57  Hydralisk x3  
  123  8:58  Drone  
  123  9:00  Baneling  
  123  9:01  Baneling x3  
  123  9:02  Baneling  
  134  9:35  Overlord  
  134  9:36  Drone x5  
  134  9:37  Drone  
  140  9:39  Spire  
  140  9:43  Infestation Pit  
  138  10:24  Hydralisk x5  
  138  10:25  Hydralisk x4  
  156  10:38  Baneling x4  
  156  10:39  Baneling x6, Overlord x2  
  156  11:06  Hatchery  
Show
View Real Time Build Order
Export as new Build Order

Altik Protoss - Winner!

Build Orders:  

Get SALT Encoding   

  8  0:00  Probe (Chrono Boost)  
  9  0:12  Probe (Chrono Boost)  
  10  0:18  Probe (Chrono Boost)  
  11  0:26  Probe  
  12  0:35  Pylon  
  12  0:39  Probe  
  13  0:53  Probe  
  14  0:58  Gateway  
  14  1:05  Probe  
  14  1:11  Assimilator  
  15  1:17  Probe (Chrono Boost)  
  16  1:29  Probe (Chrono Boost)  
  17  1:34  Probe (Chrono Boost)  
  18  1:43  Probe  
  19  1:53  Nexus  
  19  2:05  Cybernetics Core  
  19  2:08  Probe  
  20  2:13  Pylon  
  20  2:20  Probe  
  21  2:32  Probe  
  21  2:36  Assimilator  
  22  2:37  Adept (Chrono Boost)  
  25  2:51  Probe  
  25  2:53  Gateway  
  25  3:04  Adept  
  27  3:06  Probe (Chrono Boost)  
  27  3:08  Probe (Chrono Boost)  
  28  3:18  Probe (Chrono Boost)  
  28  3:19  Stargate, Probe (Chrono Boost)  
  30  3:23  Probe (Chrono Boost)  
  31  3:27  Probe  
  32  3:34  Pylon  
  32  3:35  Probe  
  32  3:38  Adept  
  32  3:39  Probe  
  32  3:41  Zealot  
  38  3:48  Probe (Chrono Boost)  
  39  3:51  Probe (Chrono Boost)  
  39  3:55  Twilight Council  
  42  4:04  Probe (Chrono Boost)  
  42  4:05  Probe (Chrono Boost)  
  42  4:09  Probe (Chrono Boost)  
  42  4:11  Probe (Chrono Boost)  
  42  4:15  Void Ray  
  48  4:18  Probe  
  48  4:19  Pylon  
  48  4:23  Probe  
  50  4:34  Charge (Chrono Boost)  
  50  4:37  Probe x2  
  52  4:52  Forge  
  52  4:56  Nexus  
  52  5:00  Pylon  
  52  5:08  Zealot x2  
  56  5:20  Probe x2, Protoss Ground Weapons Level 1 (Chrono Boost)  
  58  5:23  Pylon  
  58  5:25  Pylon  
  58  5:29  Photon Cannon x2  
  58  5:32  Gateway x2  
  58  5:35  Zealot  
  60  5:37  Gateway  
  60  5:41  Shield Battery  
  60  5:42  Probe x2  
  62  5:49  Zealot  
  64  5:51  Void Ray  
  68  6:03  Zealot  
  70  6:08  Robotics Facility, Assimilator  
  70  6:09  Probe x2  
  70  6:10  Assimilator  
  72  6:16  Zealot  
  74  6:20  Zealot  
  74  6:21  Zealot  
  74  6:23  Zealot  
  80  6:29  Probe x3  
  80  6:30  Zealot  
  85  6:43  Zealot  
  87  6:47  Zealot  
  87  6:49  Zealot  
  87  6:51  Pylon  
  87  6:53  Pylon  
  91  6:56  Pylon  
  91  6:57  Probe x2  
  91  6:58  Probe  
  94  7:08  Observer (Chrono Boost)  
  95  7:12  Robotics Bay  
  95  7:14  Zealot x2  
  99  7:16  Pylon  
  99  7:17  Pylon  
  99  7:18  Templar Archives  
  99  7:22  Immortal (Chrono Boost)  
  99  7:26  Probe x2  
  99  7:27  Probe  
  106  7:32  Assimilator  
  106  7:36  Assimilator  
  106  7:38  Probe x2  
  106  7:39  Blink (Chrono Boost)  
  106  7:43  Probe  
  109  7:49  Protoss Ground Weapons Level 2 (Chrono Boost)  
  109  7:50  Probe  
  110  7:54  Stalker x4  
  110  7:55  Stalker  
  120  8:12  Pylon  
  120  8:21  Zealot x4  
  120  8:22  Immortal, Zealot  
  120  8:26  Robotics Facility  
  134  8:36  Gateway  
  134  8:38  Gateway  
  134  8:39  Gateway  
  134  8:48  Zealot x4  
  142  9:02  Forge  
  142  9:04  Pylon  
  142  9:05  Pylon  
  142  9:07  Pylon  
  142  9:15  Warp Gate (Chrono Boost)  
  142  9:17  Pylon  
  142  9:19  Nexus  
  142  9:22  Immortal  
  146  9:34  High Templar x3  
  146  9:35  High Templar x4  
  146  9:36  Zealot  
  162  9:41  Pylon  
  162  9:42  Pylon  
  162  9:44  Pylon  
  162  9:49  Photon Cannon  
  162  9:51  Photon Cannon  
  162  9:57  Robotics Bay  
  158  10:10  Stalker  
  160  10:14  Stalker x3  
  160  10:15  Stalker x4  
  160  10:17  Archon  
  160  10:18  Archon  
  174  10:23  Archon  
  174  10:32  Photon Cannon  
  174  10:33  Photon Cannon  
  174  10:34  Gateway x2  
  174  10:38  Pylon  
  174  10:41  Assimilator  
  174  10:45  Assimilator  
  174  10:59  High Templar  
  174  11:02  Zealot x5  
  174  11:03  Zealot  
  188  11:06  Archon  
Tags
 
Add a new tag
Caveats
  • Supply blocks, unpowered buildings, or Contaminate may cause inaccurate times.
  • Supply counts are checked every 10 seconds.